 Dungeon Crawl Stone Soup version 0.26.0-10-g1f06aea511 (webtiles) character file.

Game seed: 3163117101169711612

14798 Canard the Grappler (level 11, -6/119 HPs)
             Began as a Troll Delver on Jan 16, 2021.
             Was a Believer of Trog.
             Splashed by Sonja's acid (13 damage)
             ... on level 11 of the Dungeon.
             The game lasted 00:19:16 (9279 turns).

Canard the Grappler (Troll Delver)                  Turns: 9279, Time: 00:19:16

Health: -6/119     AC:  5    Str: 25    XL:     11   Next: 93%
Magic:  10/10      EV: 11    Int:  6    God:    Trog [**....]
Gold:   581        SH:  0    Dex: 11    Spells: 10/10 levels left

rFire    . . .     SeeInvis .     - Unarmed
rCold    . . .     Faith    .   (no shield)
rNeg     . . .     Spirit   .   h - +2 robe {Will+}
rPois    +         Reflect  .   (helmet restricted)
rElec    .         Harm     .   p - +0 cloak
rCorr    .         Rampage  .   (gloves unavailable)
Will     +....                  (boots unavailable)
Stlth    +.........             r - amulet of regeneration
HPRegen  1.09/turn              n - +4 ring of protection
MPRegen  0.12/turn              U - ring "Cuebb" {rPois Slay+5 Stlth-}

@: corroded, berserk cooldown, slowed, very slow
A: large, unfitting armour, claws 3, regeneration 1, shaggy fur 1, tough skin 3
a: Renounce Religion, Berserk, Trog's Hand


You were on level 11 of the Dungeon.
You worshipped Trog.
Trog was pleased with you.
You visited 2 branches of the dungeon, and saw 12 of its levels.
You visited the Abyss 1 time.

You collected 721 gold pieces.
You spent 140 gold pieces at shops.

Inventory:

Missiles
 v - 7 javelins (quivered)
Armour
 h - a +2 robe of willpower (worn)
   (You took it off Josephine on level 11 of the Dungeon)
 l - a scarf of harm
   (You found it on level 1 of the Dungeon)
 p - a +0 cloak (worn)
   (You found it on level 1 of the Dungeon)
 q - a scarf of repulsion
   (You found it on level 2 of the Dungeon)
 P - a +1 robe of cold resistance
   (You took it off an orc wizard on level 9 of the Dungeon)
Jewellery
 a - an uncursed amulet of the acrobat
   (You found it on level 10 of the Dungeon)
 c - an uncursed ring of protection from cold
   (You found it on level 9 of the Dungeon)
 g - a +6 ring of dexterity
   (You found it on level 4 of the Dungeon)
 i - an uncursed ring of fire
   (You found it on level 1 of the Dungeon)
 n - a +4 ring of protection (left claw)
   (You found it on level 1 of the Dungeon)
 o - an uncursed ring of willpower
   (You found it on level 10 of the Dungeon)
 r - an amulet of regeneration (around neck)
   (You found it on level 4 of the Dungeon)
 B - the ring of Narchanki {rN+ Str+2 Int-5 SInv Stlth+}
   (You bought it in a shop on level 6 of the Dungeon)

   [ring of stealth]

   It affects your strength (+2).
   It affects your intelligence (-5).
   It protects you from negative energy.
   It lets you see invisible.
   It makes you more stealthy.
 U - the ring "Cuebb" (right claw) {rPois Slay+5 Stlth-}
   (You found it on level 11 of the Dungeon)

   [ring of attention]

   It affects your accuracy and damage with ranged weapons and melee attacks
   (+5).
   It protects you from poison.
   It makes you less stealthy.
Wands
 w - a wand of disintegration (10)
   (You took it off Ijyb on level 3 of the Dungeon)
 y - a wand of random effects (17)
   (You found it on level 5 of the Dungeon)
 A - a wand of acid (8)
   (You found it on level 9 of the Dungeon)
 D - a wand of digging (11)
 E - a wand of enslavement (7)
   (You found it on level 7 of the Dungeon)
 I - a wand of iceblast (18)
   (You found it on level 5 of the Dungeon)
 V - a wand of flame (29)
   (You found it on level 6 of the Dungeon)
Scrolls
 b - a scroll of fog
 d - a scroll of fear
 j - a scroll of amnesia
 m - 7 scrolls of immolation
 s - 3 scrolls of enchant armour
 C - a scroll of blinking {unknown}
 F - a scroll of brand weapon {unknown}
 G - a scroll of torment
 L - a scroll of holy word {unknown}
 M - 2 scrolls of magic mapping
 N - a scroll of random uselessness {unknown}
 R - 4 scrolls of identify {@r1}
 S - 4 scrolls of noise
 T - 6 scrolls of teleportation {@r3}
 W - 6 scrolls of remove curse {@r2}
Potions
 e - a potion of heal wounds {@q2}
 f - 2 potions of might {@q4}
 k - 2 potions of invisibility
 t - a potion of magic
 u - a potion of berserk rage {!q}
 x - 2 potions of ambrosia
 z - a potion of attraction
 H - a potion of haste {@q3}
 J - a potion of lignification
 K - 3 potions of brilliance
 O - a potion of resistance {@q6}
 Q - 5 potions of curing {@q1}
 X - a potion of degeneration {unknown}


   Skills:
 + Level 10.9 Fighting
 - Level 4.0 Armour
 - Level 4.0 Dodging
 - Level 2.7 Stealth
 + Level 12.6 Unarmed Combat
 + Level 2.4 Evocations


You had 10 spell levels left.
You didn't know any spells.
Your spell library contained the following spells:

 Spells                   Type           Power        Failure   Level
 Shock                    Conj/Air       0%           45%         1
 Summon Small Mammal      Summ           0%           45%         1
 Call Imp                 Summ           0%           58%         2
 Swiftness                Air            0%           58%         2
 Call Canine Familiar     Summ           0%           83%         3
 Confusing Touch          Hex            0%           83%         3
 Gell's Gravitas          Tloc           0%           83%         3
 Static Discharge         Conj/Air       0%           83%         3
 Summon Guardian Golem    Hex/Summ       0%           83%         3
 Airstrike                Air            0%           99%         4
 Cause Fear               Hex            0%           99%         4
 Petrify                  Tmut/Erth      0%           99%         4
 Summon Ice Beast         Ice/Summ       0%           99%         4
 Summon Lightning Spire   Summ/Air       0%           99%         4
 Bolt of Magma            Conj/Fire/Erth 0%           100%        5
 Iskenderun's Battlesphe  Conj           0%           100%        5
 Lightning Bolt           Conj/Air       0%           100%        5
 Metabolic Englaciation   Hex/Ice        0%           100%        5
 Silence                  Hex/Air        0%           100%        5
 Yara's Violent Unravell  Hex/Tmut       0%           100%        5
 Iron Shot                Conj/Erth      0%           100%        6
 Orb of Destruction       Conj           0%           100%        7
 Spellforged Servitor     Conj/Summ      0%           100%        7
 Discord                  Hex            0%           100%        8


Dungeon Overview and Level Annotations

Branches:
Dungeon (11/15)            Temple (1/1) D:5            Lair (0/6) D:10
    Orc: D:9-12

Altars:
Ashenzari
Cheibriados
Dithmenos
Elyvilon
Fedhas
Gozag
Hepliaklqana
Kikubaaqudgha
Makhleb
Nemelex Xobeh
Okawaru
Qazlal
Ru
Sif Muna
Trog
Uskayaw
Vehumet
Wu Jian
Xom
Yredelemnul
Zin
The Shining One

Shops:
D:5 [   D:6 *

Annotations:
D:11 Sonja


Innate Abilities, Weirdness & Mutations

You are too large for most types of armour.
You have claws for hands.
Your natural rate of healing is unusually fast.
You are covered in fur. (AC +1)
You have extremely tough skin. (AC +3)


Message History

You see here 3 curare-tipped darts.
You feel the effects of Trog's Hand fading.
Your skin stops crawling.
You feel less strong-willed.
You are no longer corroded.
You claw the komodo dragon!
The komodo dragon is moderately wounded.
The komodo dragon bites you!!
* * * LOW HITPOINT WARNING * * *
Unknown command.
You mangle the komodo dragon!!
You kill the komodo dragon!
Trog accepts your kill.
Sonja zaps a wand.
The bolt of acid hits you!!
* * * LOW HITPOINT WARNING * * *
The acid corrodes you!
You are splashed with acid!
* * * LOW HITPOINT WARNING * * *
Sonja zaps a wand.
The bolt of acid hits you but does no damage.
The acid corrodes you!
You are splashed with acid!
You die...

#.[# #..#
#..# #..#
#..# #..#
#..# #..#
.# #.@# #.#
#..# #.#
#..# #.#
#.†######.#
#..K......#
#.........#
#..#####..#
#.)# #..#
#..# #..#


You could see Sonja.

Vanquished Creatures
  Erolcha (D:9)
  Josephine (D:11)
  A two-headed ogre (D:11)
  2 wretched stars (Abyss:2)
  An unseen horror (D:10)
  Joseph (D:9)
  2 smoke demons (Abyss:2)
  2 komodo dragons (D:10 D:11)
  An ancient zyme (Abyss:2)
  2 trolls (D:9 D:11)
  Grinder (D:4)
  4 starcursed masses (Abyss:2)
  3 wraiths (D:11)
  A shadow (D:11)
  A wyvern (D:8)
  8 yaks (D:9 D:11)
  A neqoxec (Abyss:2)
  3 large abominations (Abyss:2)
  2 vampire mosquitoes (D:11)
  A chaos spawn (Abyss:2)
  Edmund (D:4)
  A water moccasin (D:8)
  3 wargs (D:10)
  4 orc warriors (D:6 D:8 D:9)
  A phantom (D:8)
  A black bear (D:9)
  3 sky beasts (D:5 D:8 D:11)
  6 ogres (D:4 D:5 D:6 D:7 D:8)
  3 centaurs (D:5 D:6 D:10)
  A big kobold (D:9)
  4 bullfrogs (D:7 D:9 D:10 D:11)
  A wyvern zombie (D:10)
  5 scorpions (D:5 D:6 D:7 D:8)
  16 wights (D:6 D:8 D:11)
  2 small abominations (Abyss:2)
  An electric eel (D:6)
  A howler monkey (D:7)
  2 centaur zombies (D:6 D:7)
  A quasit (D:6)
  A bullfrog zombie (D:10)
  2 hounds (D:7 D:10)
  An iron imp (Abyss:2)
  7 orc wizards (D:4 D:8 D:9 D:10)
  7 orc priests (D:5 D:6 D:8 D:9 D:10)
  3 bullfrog skeletons (D:5 D:4 D:11)
  2 centaur skeletons (D:5 D:10)
  Ijyb (D:3)
  Terence (D:2)
  4 iguanas (D:5 D:7 D:11)
  Natasha (thrice) (D:3)
  8 worker ants (D:5 D:4 D:7 D:8 D:9)
  A worker ant zombie (D:11)
  5 adders (D:4 D:7 D:9 D:11)
  2 shadow imps (D:6 D:8)
  6 white imps (D:8 D:9 D:10)
  2 ufetubi (D:5 D:10)
  5 adder zombies (D:5 D:6 D:10)
  An adder skeleton (D:8)
  4 worms (D:2 D:4 D:6)
  A dart slug (D:2)
  4 leopard geckos (D:5 D:3 D:4 D:6)
  21 orcs (D:5 D:4 D:6 D:8 D:9)
  3 ball pythons (D:1 D:4 D:8)
  4 giant cockroaches (D:1 D:2 D:4 D:8)
  10 goblins (D:2 D:1 D:3)
  5 hobgoblins (D:1 D:2 D:3)
  14 jackals (D:5 D:1 D:10 D:11)
  11 kobolds (D:2 D:1 D:9)
  13 quokkas (D:5 D:2 D:3 D:4 D:6)
  6 bats (D:2 D:1 D:3)
  3 frilled lizards (D:4 D:1 D:5)
  2 leopard gecko skeletons (D:5 D:8)
  10 rats (D:1 D:2 D:3)
269 creatures vanquished.

Notes
Turn   | Place    | Note
-------+----------+-------------------------------------------
     0 | D:5      | Canard the Troll Delver began the quest for the Orb.
     0 | D:5      | Reached XP level 1. HP: 22/22 MP: 0/0
    13 | D:5      | Noticed a sky beast
    52 | D:5      | Noticed an ogre
    85 | D:5      | Noticed an orc priest
    94 | D:5      | Killed an orc priest
    95 | D:5      | Reached skill level 3 in Fighting
    95 | D:5      | Reached XP level 2. HP: 20/31 MP: 1/1
    95 | D:5      | Reached XP level 3. HP: 24/37 MP: 2/2
   101 | D:5      | Reached skill level 3 in Unarmed Combat
   139 | D:5      | Found Sunol's Armour Emporium.
   154 | D:5      | Noticed a scorpion
   176 | D:5      | Reached XP level 4. HP: 43/45 MP: 3/3
   198 | D:5      | Found a staircase to the Ecumenical Temple.
   206 | Temple   | Entered the Ecumenical Temple
   414 | D:5      | Reached skill level 4 in Unarmed Combat
   414 | D:5      | Reached XP level 5. HP: 46/54 MP: 4/4
   536 | D:5      | Killed a sky beast
   537 | D:5      | Reached skill level 4 in Fighting
   559 | D:5      | Noticed a centaur
   568 | D:5      | Killed a centaur
   569 | D:5      | Reached XP level 6. HP: 51/63 MP: 5/5
   586 | D:4      | Found a stormy altar of Qazlal.
   597 | D:4      | Found a radiant altar of Vehumet.
   878 | D:1      | Reached skill level 5 in Unarmed Combat
  1621 | D:2      | Found an opulent altar of Gozag.
  1621 | D:2      | Found an ornate altar of the Wu Jian Council.
  1621 | D:2      | Found an iron altar of Okawaru.
  1633 | D:2      | Found a stormy altar of Qazlal.
  1633 | D:2      | Noticed Terence
  1639 | D:2      | Killed Terence
  2051 | D:3      | Noticed Natasha
  2055 | D:3      | Killed Natasha
  2391 | D:3      | Noticed Natasha
  2397 | D:3      | Killed Natasha
  2634 | D:3      | Noticed Ijyb
  2653 | D:3      | Killed Ijyb
  2654 | D:3      | Reached skill level 5 in Fighting
  2712 | D:3      | Noticed Natasha
  2715 | D:3      | Killed Natasha
  2716 | D:3      | Reached XP level 7. HP: 72/72 MP: 6/6
  2984 | D:4      | Reached skill level 6 in Unarmed Combat
  3221 | D:4      | Noticed Edmund
  3229 | D:4      | Killed Edmund
  3322 | D:4      | Noticed Grinder
  3336 | D:4      | Killed Grinder
  3337 | D:4      | Reached skill level 6 in Fighting
  3337 | D:4      | Reached XP level 8. HP: 78/83 MP: 7/7
  3685 | D:5      | Reached skill level 7 in Unarmed Combat
  3862 | D:5      | Found a stormy altar of Qazlal.
  4164 | D:6      | Reached skill level 8 in Unarmed Combat
  4214 | D:6      | Reached skill level 7 in Fighting
  4216 | D:6      | Found Jeguuwn's Assorted Antiques.
  4221 | D:6      | Bought a fine granite ring for 140 gold pieces
  4222 | D:6      | Identified the ring of Narchanki {rN+ Str+2 Int-5 SInv
                  | Stlth+} (You bought it in a shop on level 6 of the Dungeon)
  4337 | D:6      | Reached XP level 9. HP: 60/93 MP: 8/8
  5002 | D:7      | Reached skill level 9 in Unarmed Combat
  5174 | D:7      | Found a shimmering altar of Xom.
  5178 | D:7      | Found a broken altar of Ashenzari.
  5411 | D:7      | Reached skill level 8 in Fighting
  5851 | D:8      | Found a sacrificial altar of Ru.
  5883 | D:8      | Reached skill level 2 in Dodging
  5884 | D:8      | Reached skill level 1 in Armour
  6186 | D:8      | Reached skill level 2 in Armour
  6450 | D:9      | Noticed Erolcha
  6451 | D:9      | Reached skill level 3 in Dodging
  6462 | D:9      | Killed Erolcha
  6463 | D:9      | Reached skill level 10 in Unarmed Combat
  6463 | D:9      | Reached XP level 10. HP: 77/106 MP: 9/9
  6541 | D:9      | Reached skill level 3 in Armour
  6655 | D:9      | Noticed Joseph
  6669 | D:9      | Killed Joseph
  6670 | D:9      | Reached skill level 4 in Dodging
  6883 | D:9      | Reached skill level 9 in Fighting
  6917 | D:9      | Found a hide-covered altar of Uskayaw.
  7057 | D:9      | Found a bloodstained altar of Trog.
  7068 | D:9      | Became a worshipper of Trog the Wrathful
  7189 | D:10     | Entered Level 10 of the Dungeon
  7399 | D:10     | Reached skill level 4 in Armour
  7557 | D:10     | Found a staircase to the Lair.
  7582 | D:10     | Reached * piety under Trog
  7637 | D:10     | Killed an unseen horror
  7638 | D:10     | Reached skill level 11 in Unarmed Combat
  8129 | D:11     | Reached XP level 11. HP: 86/117 MP: 10/10
  8337 | D:11     | Got a flickering turquoise ring
  8339 | D:11     | Identified the ring "Cuebb" {rPois Slay+5 Stlth-} (You
                  | found it on level 11 of the Dungeon)
  8366 | D:11     | Noticed a two-headed ogre
  8371 | D:11     | Killed a two-headed ogre
  8372 | D:11     | Reached skill level 10 in Fighting
  8577 | D:11     | Noticed Josephine
  8588 | D:11     | Killed Josephine
  8593 | D:11     | Reached ** piety under Trog
  8665 | D:11     | Noticed Sonja
  8669 | D:11     | You are cast into the Abyss!
  8669 | D:11     | Cast into level 2 of the Abyss (Sonja)
  8763 | Abyss:2  | Reached skill level 12 in Unarmed Combat
  8817 | Abyss:2  | Noticed a wretched star
  8829 | Abyss:2  | Killed a wretched star
  8893 | Abyss:2  | Noticed a wretched star
  8910 | Abyss:2  | Killed a wretched star
  8955 | Abyss:2  | Noticed a starcursed mass
  8961 | Abyss:2  | Killed a starcursed mass
  8962 | Abyss:2  | Reached skill level 1 in Evocations
  8966 | Abyss:2  | Killed a starcursed mass
  9014 | Abyss:2  | Noticed a large abomination
  9032 | Abyss:2  | Killed a large abomination
  9161 | Abyss:2  | Reached skill level 2 in Evocations
  9209 | Abyss:2  | Noticed a sixfirhy
  9240 | D:11     | Escaped the Abyss
  9249 | D:11     | HP: 11/119 [Sonja/bolt of acid (19)]
  9249 | D:11     | HP: 1/119 [acid (10)]
  9279 | D:11     | HP: 17/119 [Sonja/bolt of acid (18)]
  9279 | D:11     | HP: 7/119 [acid (10)]
  9279 | D:11     | Splashed by Sonja's acid

Illustrated notes

Levels and vault maps discovered:
D:1:      lemuel_arrival_tunnels, layout_basic
D:2:      layout_basic, grunt_temple_overflow_cloverleaf, uniq_terence
D:3:      layout_basic, uniq_ijyb, uniq_natasha
D:4:      layout_basic, vehumet_crystals, serial_rivers,
          chequers_serial_rivers_small_b, chequers_serial_rivers_small_3,
          chequers_serial_rivers_micro_e, chequers_serial_rivers_room_b,
          chequers_serial_rivers_micro_b, chequers_serial_rivers_micro_b,
          nicolae_qazlal_general_emergency, uniq_edmund, uniq_grinder
D:5:      layout_loops_ring, minmay_temple_entry_drinking_statues, basic_altar,
          serial_shops, shop
D:6:      layout_basic, serial_shops, nicolae_shop_trees, lightli_minifort
D:7:      layout_loops_corners, chequers_temple_overflow_statue_of_worship,
          serial_glass, glass_columns_a, glass_columns_a
D:8:      layout_loops_ring, nicolae_ru_awakened_eye
D:9:      layout_roguey, lemuel_coloured_pillars_altar, lemuel_doored_altar,
          item_on_display_a, uniq_joseph, uniq_erolcha
D:10:     layout_basic, erik_lair_orcish_takeover, minmay_variable_closet
D:11:     layout_long_grid, uniq_sonja, uniq_josephine
Temple:   nicolae_temple_figure_eight

Skill      XL: |  1  2  3  4  5  6  7  8  9 10 11 |
---------------+----------------------------------+-----
Fighting       | 3 4 5 6 7 8 9 10 | 10.9
Unarmed Combat | 3 4 5 6 8 10 11 12 | 12.6
Dodging        | 3 4 |  4.0
Armour         | 2 4 |  4.0
Evocations     | 2 |  2.4
Stealth        | |  2.7

Action                   |  1- 3 |  4- 6 |  7- 9 | 10-12 || total
-------------------------+-------+-------+-------+-------++-------
Melee: Unarmed           |    31 |   178 |   291 |   302 ||   802
       Punch             |       |     5 |    12 |    18 ||    35
Invok: Berserk           |       |       |       |     8 ||     8
       Trog's Hand       |       |       |       |     1 ||     1
Evoke: Wand              |       |       |       |     1 ||     1
  Use: Scroll            |       |       |     9 |    10 ||    19
 Stab: Sleeping          |       |    10 |    17 |     2 ||    29
Armor: Robe              |    13 |    93 |    85 |   110 ||   301
Dodge: Dodged            |    29 |    98 |   111 |   131 ||   369
